 Dungeon Crawl Stone Soup version 0.31-a0-986-g5e6e4ef867 (webtiles) character file.

Game seed: 2065092095801922285

3256 wildpjah the Magician (level 10, -3/77 HPs)
             Began as a Gnoll Warper on Nov 25, 2023.
             Was a Priest of Lugonu.
             Slain by an orc warrior
             ... wielding a +0 halberd
              (7 damage)
             ... in a bailey.
             The game lasted 00:18:35 (7326 turns).

wildpjah the Magician (Gnoll Warper)                Turns: 7326, Time: 00:18:36

Health: -3/77      AC: 12    Str: 11 (13) XL:     10   Next: 0%
Magic:  20/20      EV: 13    Int: 11 (13) God:    Lugonu [***...]
Gold:   450        SH:  0    Dex: 16 (19) Spells: 23/23 levels left

rFire   x . .        U - +2 quarterstaff (chaos)
rCold   . . .        (shield currently unavailable)
rNeg    . . .        G - +0 ring mail
rPois   +            j - +2 hat
rElec   .            v - +0 cloak
rCorr   .            y - +0 pair of gloves
SInv    .            e - +0 pair of boots
Will    .....        (no amulet)
Stlth   ++           k - +6 ring of dexterity
HPRegen 0.32/turn    E - ring of poison resistance
MPRegen 0.17/turn

%: no passive effects
@: attractive, hasted, very quick
A: fangs 1, strong nose, distributed training, screaming 1, wild magic 1, heat
vulnerability 1
a: Renounce Religion, Depart the Abyss, Banish


You were in a bailey.
You worshipped Lugonu.
Lugonu was most pleased with you.
You visited 2 branches of the dungeon, and saw 8 of its levels.
You visited the Abyss 1 time.
You also visited: Bailey.

You collected 450 gold pieces.

Inventory:

Hand Weapons
 a - a +0 falchion
 l - a +3 sling
 n - a +2 whip of distortion
 S - a +1 whip of freezing
 U - a +2 quarterstaff of chaos (weapon)
Missiles
 d - 5 darts of dispersal
 r - 8 boomerangs
 t - 8 javelins
 L - a throwing net
 O - 17 poisoned darts
Armour
 e - a +0 pair of boots (worn)
 j - a +2 hat (worn)
 v - a +0 cloak (worn)
 y - a +0 pair of gloves (worn)
 G - a +0 ring mail (worn)
 V - a +1 cloak
Jewellery
 k - a +6 ring of dexterity (left hand)
 x - a ring of fire
 E - a ring of poison resistance (right hand)
 W - a ring of wizardry
Talismans
 A - a beast talisman
 C - a maw talisman
 F - a serpent talisman
Wands
 s - a wand of paralysis (6) (quivered)
 J - a wand of polymorph (12)
 T - a wand of flame (18)
 X - a wand of quicksilver (10)
Scrolls
 f - a scroll of enchant weapon
 h - 2 scrolls of teleportation
 i - 3 scrolls of noise {unknown}
 m - 2 scrolls of poison {unknown}
 o - a scroll of amnesia
 p - 3 scrolls of fear {unknown}
 u - a scroll of identify
 z - a scroll of summoning
 D - a scroll of silence {unknown}
 H - a scroll of enchant armour
 I - 2 scrolls of blinking
 R - a scroll of fog
Potions
 c - a potion of cancellation
 q - a potion of mutation
 B - 4 potions of curing
 K - a potion of ambrosia
 N - a potion of degeneration
 P - a potion of heal wounds {unknown}
 Q - a potion of might {unknown}


   Skills:
 + Level 6.7 Fighting
 + Level 4.8 Short Blades
 + Level 6.7 Long Blades
 + Level 4.8 Axes
 + Level 4.8 Maces & Flails
 + Level 4.8 Polearms
 + Level 4.8 Staves
 + Level 4.8 Ranged Weapons
 + Level 5.5 Throwing
 + Level 5.5 Armour
 + Level 6.7 Dodging
 + Level 4.8 Stealth
 + Level 4.8 Shields
 + Level 4.8 Unarmed Combat
 + Level 7.0 Spellcasting
 + Level 4.0 Conjurations
 + Level 4.0 Hexes
 + Level 4.0 Summonings
 + Level 4.0 Necromancy
 + Level 6.8 Translocations
 + Level 4.0 Transmutations
 + Level 4.0 Fire Magic
 + Level 4.0 Ice Magic
 + Level 4.0 Air Magic
 + Level 4.0 Earth Magic
 + Level 4.0 Poison Magic
 + Level 5.3 Invocations
 + Level 4.8 Evocations
 + Level 4.4 Shapeshifting


You had 23 spell levels left.
You didn't know any spells.
Your spell library contained the following spells:

 Spells                   Type           Power      Damage    Failure   Level
 Blink                    Tloc           48%        N/A       6%          2
 Lesser Beckoning         Tloc           48%        N/A       6%          2
 Teleport Other           Tloc           24%        N/A       11%         3
 Slow                     Hex            64%        N/A       12%         1
 Confusing Touch          Hex            16%        N/A       30%         3
 Frozen Ramparts          Ice            32%        1d5       30%         3
 Sigil of Binding         Hex            16%        N/A       30%         3
 Vampiric Draining        Necr           16%        2d7       30%         3
 Manifold Assault         Tloc           24%        N/A       30%         4
 Vhi's Electric Charge    Tloc/Air       40%        N/A       47%         4
 Animate Dead             Necr           16%        N/A       67%         4
 Brom's Barrelling Bould  Conj/Erth      16%        2d4       67%         4
 Petrify                  Tmut/Erth      16%        N/A       67%         4
 Fireball                 Conj/Fire      8%         3d6       94%         5
 Iskenderun's Battlesphe  Conj           16%        2d7       94%         5
 Metabolic Englaciation   Hex/Ice        8%         N/A       94%         5
 Conjure Ball Lightning   Conj/Air       8%         3x3d6     100%        6
 Haunt                    Necr/Summ      8%         N/A       100%        7
 Orb of Destruction       Conj           8%         9d6       100%        7
 Infestation              Necr           8%         N/A       100%        8


Dungeon Overview and Level Annotations

Branches:
Dungeon (7/15)             Temple (1/1) D:7          Bailey (1/1)

Altars:
Ashenzari
Cheibriados
Dithmenos
Elyvilon
Hepliaklqana
Kikubaaqudgha
Makhleb
Nemelex Xobeh
Qazlal
Ru
Sif Muna
Trog
Uskayaw
Vehumet
Wu Jian
Xom
Yredelemnul
Zin
The Shining One

Shops:
D:4 [   D:7 *

Annotations:
D:6 2 transporters
Abyss:1 Eustachio


Innate Abilities, Weirdness & Mutations

You have very sharp teeth.
Your uncanny sense of smell can sniff out nearby items.
Your experience applies equally to all skills.
You occasionally shout uncontrollably at your foes.
Your spells are a little harder to cast, but a little more powerful.
You are vulnerable to heat. (rF-)


Message History

You hit the orc warrior but do no damage.
The orc warrior is poisoned.
The orc warrior is lightly wounded.
The orc barely misses you.
The orc warrior hits you with a +0 halberd.
* * * LOW HITPOINT WARNING * * *
The orc warrior barely misses you. The orc barely misses you.
You hit the orc.
You kill the orc!
Lugonu accepts your kill. The orc warrior misses you.
The orc barely misses you. The orc warrior closely misses you.
Unknown command.
You barely miss the orc warrior. Your bite misses the orc warrior.
The orc warrior is severely wounded.
Unknown command.
You closely miss the orc warrior.
The orc warrior is severely wounded.
The orc warrior hits you with a +0 halberd.
* * * LOW HITPOINT WARNING * * *
The orc barely misses you. The orc is attracted toward you. x2
Unknown command.
You hit the orc warrior but do no damage.
The orc warrior changes into a glowing shapeshifter!
The orc warrior hits you but does no damage.
The orc closely misses you.
Unknown command.
You miss the orc warrior.
The orc warrior is moderately wounded.
The glowing shapeshifter changes into a glowing orange brain!
The orc closely misses you.
You closely miss the orc warrior.
The orc warrior is moderately wounded.
The orc warrior hits you with a +0 halberd.
* * * LOW HITPOINT WARNING * * *
The orc closely misses you. x2
You hit the orc warrior. You drain the orc warrior.
The orc warrior is severely wounded.
The orc warrior hits you with a +0 halberd!
You die...

####### ############
##.....## ##........∩.##
#.......######.....#......#
+...##..#.o..#....###.)...#
+....8..oo@..'.....8.....∩#
+...##..#)G..#....###.....#
#.......######....)#))....#
##.....## ##.).)..).∩.##
####### ############


You could see a glowing orange brain shaped shifter, an orc warrior (very
poisoned, drained) and 2 orcs.

Vanquished Creatures
  Pikel (D:5)
  Prince Ribbit (D:5)
  2 water moccasins
  2 ice beasts
  2 orc warriors (Bailey)
  A black bear (D:6)
  2 ogres (D:5)
  A bullfrog (D:7)
  5 scorpions
  6 wights
  2 howler monkeys
  4 jellies
  An orc priest (D:3)
  4 hounds
  Crazy Yiuf (D:5)
  A gnoll bouda (D:7)
  A sleepcap (D:5)
  4 iguanas
  3 orc wizards (D:7)
  Ijyb (D:5)
  8 gnolls
  4 adders
  A shadow imp (D:7)
  A worm (D:3)
  2 dart slugs
  24 orcs
  2 endoplasms
  4 giant cockroaches
  39 goblins
  24 hobgoblins
  7 jackals
  4 quokkas
  3 bats
  2 frilled lizards
  6 kobolds
  3 rats
179 creatures vanquished.

Notes
Turn   | Place    | Note
-------+----------+-------------------------------------------
     0 | D:1      | wildpjah the Gnoll Warper began the quest for the Orb.
     0 | D:1      | Reached XP level 1. HP: 20/20 MP: 6/6
   417 | D:1      | Reached XP level 2. HP: 26/26 MP: 7/7
  1360 | D:2      | Reached skill level 5 in Spellcasting
  1360 | D:2      | Reached XP level 3. HP: 26/31 MP: 7/9
  1815 | D:3      | Reached skill level 1 in Invocations
  1902 | D:3      | Reached skill level 1 in Short Blades
  1902 | D:3      | Reached skill level 1 in Axes
  1902 | D:3      | Reached skill level 1 in Maces & Flails
  1902 | D:3      | Reached skill level 1 in Polearms
  1902 | D:3      | Reached skill level 1 in Staves
  1902 | D:3      | Reached skill level 1 in Ranged Weapons
  1902 | D:3      | Reached skill level 1 in Stealth
  1902 | D:3      | Reached skill level 1 in Shields
  1902 | D:3      | Reached skill level 1 in Unarmed Combat
  1902 | D:3      | Reached skill level 1 in Evocations
  2179 | D:3      | Reached XP level 4. HP: 26/38 MP: 11/11
  2277 | D:3      | Reached skill level 1 in Shapeshifting
  2297 | D:3      | Reached skill level 1 in Conjurations
  2297 | D:3      | Reached skill level 1 in Hexes
  2297 | D:3      | Reached skill level 1 in Summonings
  2297 | D:3      | Reached skill level 1 in Necromancy
  2297 | D:3      | Reached skill level 1 in Transmutations
  2297 | D:3      | Reached skill level 1 in Fire Magic
  2297 | D:3      | Reached skill level 1 in Ice Magic
  2297 | D:3      | Reached skill level 1 in Air Magic
  2297 | D:3      | Reached skill level 1 in Earth Magic
  2297 | D:3      | Reached skill level 1 in Poison Magic
  2462 | D:3      | Gained mutation: Your spells are a little harder to cast,
                  | but a little more powerful. [mutagenic glow]
  2470 | D:3      | Gained mutation: You occasionally shout uncontrollably at
                  | your foes. [mutagenic glow]
  2517 | D:3      | Reached XP level 5. HP: 41/43 MP: 12/12
  2885 | D:3      | Gained mutation: You are vulnerable to heat. (rF-)
                  | [mutagenic glow]
  3642 | D:4      | Reached XP level 6. HP: 50/50 MP: 14/14
  3646 | D:4      | Reached skill level 5 in Fighting
  3646 | D:4      | Reached skill level 5 in Long Blades
  3646 | D:4      | Reached skill level 5 in Dodging
  3718 | D:4      | Noticed an ice beast
  3739 | D:4      | Killed an ice beast
  4114 | D:4      | Found Neusissakyo's Antique Armour Emporium.
  4137 | D:5      | Entered Level 5 of the Dungeon
  4145 | D:5      | Reached XP level 7. HP: 56/56 MP: 15/15
  4427 | D:5      | Noticed Prince Ribbit
  4449 | D:5      | Killed Prince Ribbit
  4450 | D:5      | Reached XP level 8. HP: 12/63 MP: 16/16
  4451 | D:5      | Noticed Ijyb
  4742 | D:5      | Killed Ijyb
  4767 | Abyss:1  | Cast into level 1 of the Abyss (unwielding a weapon of
                  | distortion)
  4849 | Abyss:1  | Noticed a lich
  4867 | Abyss:2  | Found a corrupted altar of Lugonu.
  4879 | Abyss:2  | Noticed a raiju
  4879 | Abyss:2  | Noticed a raiju
  4886 | Abyss:2  | Became a worshipper of Lugonu the Unformed
  4886 | Abyss:2  | Reached * piety under Lugonu
  4886 | Abyss:2  | Reached ** piety under Lugonu
  4887 | D:5      | Escaped the Abyss
  5032 | D:5      | Reached skill level 6 in Spellcasting
  5047 | D:5      | Noticed Eustachio
  5052 | D:5      | Banished Eustachio
  5276 | D:5      | Noticed Pikel
  5298 | D:5      | Killed Pikel
  5299 | D:5      | Reached XP level 9. HP: 45/69 MP: 18/18
  5387 | D:5      | Found a radiant altar of Vehumet.
  5491 | D:5      | Found a snail-covered altar of Cheibriados.
  5635 | D:5      | Found a runed translucent door.
  5636 | D:5      | Noticed Crazy Yiuf
  5659 | D:5      | Killed Crazy Yiuf
  6008 | D:6      | Found a sacrificial altar of Ru.
  6016 | D:6      | Reached skill level 5 in Throwing
  6016 | D:6      | Reached skill level 5 in Armour
  6245 | D:6      | Noticed a two-headed ogre
  6246 | D:6      | Found a transporter.
  6249 | D:6      | Noticed a gargoyle
  6259 | D:6      | Found a transporter.
  6728 | D:7      | Reached skill level 5 in Invocations
  6797 | D:7      | Found a staircase to the Ecumenical Temple.
  6840 | Temple   | Entered the Ecumenical Temple
  6897 | D:7      | Found Huromik's General Store.
  6935 | D:7      | Found a glowing silver altar of Zin.
  6988 | D:7      | Reached skill level 7 in Spellcasting
  6989 | D:7      | Found a flagged portal.
  7011 | Bailey   | Entered a bailey
  7123 | Bailey   | Reached *** piety under Lugonu
  7305 | Bailey   | Reached XP level 10. HP: 31/77 MP: 20/20
  7323 | Bailey   | an orc warrior changed into a glowing shapeshifter
  7323 | Bailey   | Noticed a glowing shapeshifter (glowing shapeshifter)
  7324 | Bailey   | a glowing shapeshifter changed into a glowing orange brain
  7324 | Bailey   | Noticed a glowing orange brain (glowing shapeshifter)
  7326 | Bailey   | Slain by an orc warrior

Illustrated notes

Levels and vault maps discovered:
D:1:      dpeg_arrival_central, layout_basic
D:2:      layout_basic
D:3:      minmay_goblin_kobold_castle, layout_loops_corners, eino_tiny_chamber
D:4:      layout_basic, serial_shops, nicolae_shop_advertising_works
          [nicolae_subvault_shop_adworks],
          hangedman_abyss_or_decor_jellyfish_corner
D:5:      layout_basic, amcnicky_altar_gilded, vehumet_altar_wand_db,
          gup_sewer_entry_pipe, palyth_stone_intersect,
          kennysheep_generic_room_7, uniq_crazy_yiuf_cottage, uniq_pikel,
          uniq_prince_ribbit1, uniq_eustachio, uniq_ijyb
D:6:      layout_basic, gammafunk_temple_overflow_arena
D:7:      layout_loops_corners, mainiacjoe_overflow_brackets,
          minmay_temple_entry_wispy, enter_bailey_6, nicolae_take_the_stairs
Temple:   minmay_freezing_vapour_temple
Bailey:   bailey_polearm_5, bailey

Skill      XL: |  1  2  3  4  5  6  7  8  9 |
---------------+----------------------------+-----
Spellcasting   | 5 6 7 |  7.0
Invocations    | 1 2 3 4 5 |  5.3
Short Blades   | 1 2 3 4 |  4.8
Axes           | 1 2 3 4 |  4.8
Maces & Flails | 1 2 3 4 |  4.8
Polearms       | 1 2 3 4 |  4.8
Staves         | 1 2 3 4 |  4.8
Ranged Weapons | 1 2 3 4 |  4.8
Stealth        | 1 2 3 4 |  4.8
Shields        | 1 2 3 4 |  4.8
Unarmed Combat | 1 2 3 4 |  4.8
Evocations     | 1 2 3 4 |  4.8
Shapeshifting  | 1 2 3 4 |  4.4
Conjurations   | 1 2 3 4 |  4.0
Hexes          | 1 2 3 4 |  4.0
Summonings     | 1 2 3 4 |  4.0
Necromancy     | 1 2 3 4 |  4.0
Transmutations | 1 2 3 4 |  4.0
Fire Magic     | 1 2 3 4 |  4.0
Ice Magic      | 1 2 3 4 |  4.0
Air Magic      | 1 2 3 4 |  4.0
Earth Magic    | 1 2 3 4 |  4.0
Poison Magic   | 1 2 3 4 |  4.0
Throwing       | 3 4 5 |  5.5
Armour         | 3 4 5 |  5.5
Fighting       | 5 6 |  6.7
Long Blades    | 5 6 |  6.7
Dodging        | 5 6 |  6.7
Translocations | 6 |  6.8

Action                     |  1- 3 |  4- 6 |  7- 9 | 10-12 || total
---------------------------+-------+-------+-------+-------++-------
  Melee: Falchion          |    67 |    92 |    53 |       ||   212
         Bite              |     5 |    26 |    31 |     1 ||    63
         Whip              |       |    98 |    90 |       ||   188
         Punch             |       |     4 |     4 |       ||     8
         Unarmed           |       |       |     4 |       ||     4
         Quarterstaff      |       |       |   119 |    16 ||   135
   Fire: Sling             |    43 |    45 |   116 |       ||   204
  Throw: Dart              |       |       |     2 |       ||     2
         Throwing net      |       |       |     1 |       ||     1
 Invoke: Depart the Abyss  |       |       |     1 |       ||     1
  Evoke: Wand              |       |       |     2 |       ||     2
    Use: Scroll            |       |     1 |    10 |       ||    11
         Potion            |       |       |     1 |     4 ||     5
   Stab: Sleeping          |     2 |       |       |       ||     2
 Armour: Leather armour    |    50 |   129 |       |       ||   179
         Ring mail         |       |    22 |   210 |    14 ||   246
         Skin              |       |       |     2 |       ||     2
  Dodge: Dodged            |    53 |   193 |   213 |    28 ||   487

Table legend: (Time is in decaauts)
 A = Elapsed time spent in this place.
 B = Non-inter-level travel time spent in this place.
 C = Inter-level travel time spent in this place.
 D = Time resting spent in this place.
 E = Time spent auto-exploring this place.
 F = Levels seen in this place.
 G = Mean time per level.
                   A        B        C        D        E       F      G
               +--------+--------+--------+--------+--------+-----+--------+
         Total |   7372 |   7075 |    297 |    309 |   5201 |  11 |  670.2 |
       Dungeon |   6934 |   6638 |    296 |    309 |   4897 |   7 |  990.6 |
        Temple |      4 |      3 |      1 |      0 |      0 |   1 |    4.0 |
         Abyss |    119 |    119 |      0 |      0 |     81 |   2 |   59.5 |
        Bailey |    314 |    314 |      0 |      0 |    223 |   1 |  314.0 |
               +--------+--------+--------+--------+--------+-----+--------+

Top non-repeatable levels by time:
     D:3: 1703 daAuts
     D:5: 1460 daAuts
     D:2: 1085 daAuts
     D:4: 905 daAuts
     D:1: 732 daAuts
     D:6: 729 daAuts
     D:7: 317 daAuts
  Bailey: 314 daAuts
 Abyss:1: 99 daAuts
 Abyss:2: 19 daAuts
  Temple: 4 daAuts
